 Dungeon Crawl Stone Soup version 0.17-a0-1197-g2d00c63 (webtiles) character file.

160 Fluffy the Skirmisher (level 5, -8/34 HPs)
             Began as a Gargoyle Fighter on June 2, 2015.
             Was an Initiate of Okawaru.
             Mangled by an ogre
             ... wielding a +0 giant spiked club
              (21 damage)
             ... on level 4 of the Dungeon.
             The game lasted 00:05:47 (2221 turns).

Fluffy the Skirmisher (Gargoyle Fighter)            Turns: 2221, Time: 00:05:47

Health: -8/34      AC: 17    Str: 19    XL:     5   Next: 41%
Magic:  5/5        EV:  5    Int:  9    God:    Okawaru [......]
Gold:   171        SH:  9    Dex: 10    Spells: 0 memorised, 4 levels left

rFire  . . .     SeeInvis .     a - +0 flail
rCold  . . .     Clarity  .     y - +0 chain mail
rNeg   + . .     SustAt   .     c - +0 shield
rPois  ∞         Gourm    .     n - +0 helmet
rElec  +         Spirit   .     m - +0 cloak
rCorr  .         Warding  .     (no gloves)
rMut   .         Stasis   .     k - +0 pair of boots
MR     .....                    (no amulet)
Stlth  ..........               (no ring)
                                (no ring)

@: not resistant to hostile enchantments, extremely unstealthy
A: negative energy resistance 1, electricity resistance, unbreathing,
petrification resistance, rot immunity, AC +4
a: Renounce Religion


You were on level 4 of the Dungeon.
You worshipped Okawaru.
Okawaru was noncommittal.
You were not hungry.

You visited 1 branch of the dungeon, and saw 4 of its levels.

You collected 171 gold pieces.

Inventory:

Hand weapons
 a - a +0 flail (weapon)
Armour
 c - a +0 shield (worn)
 k - a +0 pair of boots (worn)
 m - a +0 cloak (worn)
 n - a +0 helmet (worn)
 y - a +0 chain mail (worn)
Magical devices
 x - a wand of hasting (4)
Scrolls
 g - 6 scrolls of identify {unknown}
 i - 2 scrolls of remove curse
 p - a scroll of teleportation {unknown}
 s - a scroll of amnesia {unknown}
 u - a scroll of fear {unknown}
Potions
 d - a potion of might
 f - 3 potions of curing {unknown}
 h - 2 potions of cancellation {unknown}
 j - a potion of flight {unknown}
 o - a potion of mutation {unknown}
 r - a potion of brilliance {unknown}
 v - 2 potions of heal wounds {unknown}
 w - a potion of agility {unknown}
 z - a potion of poison {unknown}
Comestibles
 b - a chunk of flesh
 e - a bread ration
 l - a meat ration
 q - a slice of pizza
 t - a royal jelly


   Skills:
 + Level 4.3 Fighting
 + Level 3.0 Maces & Flails
 + Level 4.2 Armour
 + Level 4.2 Shields
 + Level 0.7 Invocations


You had 4 spell levels left.
You didn't know any spells.

Dungeon Overview and Level Annotations

Branches:
Dungeon (4/15)
 Temple: D:4-7

Altars:
Dithmenos
Fedhas
Kikubaaqudgha
Makhleb
Okawaru

Annotations:
D:3 exclusion: oklob plant


Innate Abilities, Weirdness & Mutations

You are resistant to torment.
Your stone body is resilient (AC +4).
You are immune to poison.
You resist negative energy.
You are resistant to electric shocks.
You can survive without breathing.
You are immune to petrification.
You are immune to rotting.


Message History

You thump the jackal!
You kill the jackal!
Okawaru accepts your kill. You block the ogre's attack.
Your shield and chain mail prevent you from hitting the ogre.
Your shield and chain mail prevent you from hitting the ogre.
The ogre barely misses you.
You hit the ogre but do no damage. You block the ogre's attack.
You barely miss the ogre. You block the ogre's attack.
You barely miss the ogre.
The ogre hits you with a giant spiked club!!
Ouch! That really hurt!
You hit the ogre.
The ogre is lightly wounded.
You block the ogre's attack.
You hit the ogre.
The ogre is moderately wounded.
The ogre hits you with a giant spiked club!!
Ouch! That really hurt!
You die...

#.......♣ ♣≈≈ ♣
..##.<.....##≈♣ ≈♣
.......).....#..♣≈♣
.........#........#
..................##
#.......####........
#...###.# #...##..).
#..# #####O...# ...
##. #@#..## #..##.#
#.?## ## #.. ...
.... ..... ......


You could see an ogre.

Vanquished Creatures
  An orc wizard (D:3)
  5 adders
  A gnoll (D:1)
  3 worms
  3 giant geckos
  6 orcs (D:3)
  11 bats
  11 goblins
  6 hobgoblins
  5 jackals
  3 kobolds
  A quokka (D:2)
  A ball python (D:4)
  4 giant cockroaches
  5 giant newts
  A rat (D:1)
67 creatures vanquished.

Notes
Turn   | Place    | Note
--------------------------------------------------------------
     0 | D:1      | Fluffy the Gargoyle Fighter began the quest for the Orb.
     0 | D:1      | Reached XP level 1. HP: 14/14 MP: 1/1
   193 | D:1      | Reached XP level 2. HP: 16/19 MP: 2/2
   495 | D:1      | Reached XP level 3. HP: 22/24 MP: 3/3
   624 | D:2      | Found an ancient bone altar of Kikubaaqudgha.
   915 | D:2      | Reached XP level 4. HP: 27/29 MP: 4/4
  1205 | D:3      | Reached skill level 4 in Armour
  1316 | D:3      | Found an iron altar of Okawaru.
  1332 | D:3      | Became a worshipper of Warmaster Okawaru
  1360 | D:3      | Found a shadowy altar of Dithmenos.
  1588 | D:3      | Found a blossoming altar of Fedhas.
  1609 | D:3      | Noticed an oklob plant
  1675 | D:3      | Found a burning altar of Makhleb.
  1882 | D:3      | Reached XP level 5. HP: 14/33 MP: 5/5
  2194 | D:4      | Noticed an ogre
  2221 | D:4      | Mangled by an ogre

Vault maps used:
D:1:      lightli_arrival_quake
D:2:      kiku_gazebo_garden_becter
D:3:      tgw_fedhas, overflow_temple_1_default, nicolae_overflow_crystal_walls,
          old_standard_altar
D:4:      first_bread, serial_bayou_lake_a

Action                   |  1- 3 |  4- 6 || total
-------------------------+-------+-------++-------
Melee: Flail             |   128 |   180 ||   308
  Use: Scroll            |     2 |       ||     2
  Eat: Chunk             |       |     5 ||     5
